 Dungeon Crawl Stone Soup version 0.21.1-1-g345015f (webtiles) character file.

10347 joklet the Eclecticist (level 11, -1/54 HPs)
             Began as a Deep Elf Conjurer on Mar 16, 2018.
             Was a Priest of Vehumet.
             Slain by a cyclops (30 damage)
             ... on level 11 of the Dungeon.
             The game lasted 00:45:06 (11843 turns).

joklet the Eclecticist (Deep Elf Conjurer)         Turns: 11843, Time: 00:45:07

Health: -1/54      AC:  8    Str:  5    XL:     11   Next: 35%
Magic:  32/42      EV: 13    Int: 27    God:    Vehumet [***...]
Gold:   617        SH:  0    Dex: 15    Spells: 7/43 levels left

rFire    + . .     SeeInvis .   y - +2 whip (flame)
rCold    . . .     Gourm    .   (no shield)
rNeg     . . .     Faith    .   B - +2 robe {rF+}
rPois    .         Spirit   .   E - +0 helmet
rElec    .         Reflect  .   a - +0 cloak
rCorr    .         Harm     .   p - +0 pair of gloves
MR       +....                  Q - +0 pair of boots
Stlth    ++........             (no amulet)
HPRegen  0.18/turn              r - ring of magical power
MPRegen  0.28/turn              N - +3 ring of intelligence

@: no status effects
A: no striking features
a: Renounce Religion


You were on level 11 of the Dungeon.
You worshipped Vehumet.
Vehumet was most pleased with you.
You were hungry.

You visited 2 branches of the dungeon, and saw 12 of its levels.
You also visited: Ossuary.

You collected 617 gold pieces.

Inventory:

Hand Weapons
 g - a +0 long sword
 y - a +2 whip of flaming (weapon)
Missiles
 u - 39 poisoned needles
Armour
 a - a +0 cloak (worn)
 p - a +0 pair of gloves (worn)
 z - a +0 buckler
 B - a +2 robe of fire resistance (worn)
 E - a +0 helmet (worn)
 Q - a +0 pair of boots (worn)
Jewellery
 r - a ring of magical power (left hand)
 w - an uncursed ring of poison resistance {unknown}
 C - an uncursed ring of fire
 J - an uncursed ring of stealth
 N - a +3 ring of intelligence (right hand)
Wands
 f - a wand of random effects (29)
 j - a wand of polymorph (11)
 H - a wand of paralysis (13)
 K - a wand of enslavement (11)
 L - a wand of clouds (3)
 T - a wand of flame (28)
Scrolls
 d - 13 scrolls of remove curse
 e - 6 scrolls of teleportation
 k - 9 scrolls of identify
 l - a scroll of random uselessness {unknown}
 n - 3 scrolls of blinking {unknown}
 o - 2 scrolls of magic mapping
 q - a scroll of amnesia
 s - a scroll of brand weapon {unknown}
 x - 2 scrolls of enchant weapon {unknown}
 P - a scroll of enchant armour
Potions
 h - 2 potions of agility
 i - 2 potions of might
 m - 5 potions of degeneration
 v - 3 potions of flight
 A - a potion of curing
 D - a potion of lignification
 F - a potion of haste {unknown}
 G - a potion of mutation {unknown}
 I - 2 potions of magic
 M - 2 potions of berserk rage
 O - a potion of brilliance {unknown}
 S - a potion of resistance {unknown}
Books
 b - a book of Conjurations

   Spells                             Type                      Level
   a - Magic Dart                     Conjuration                  1
   b - Searing Ray                    Conjuration                  2
   c - Dazzling Spray                 Conjuration/Hexes            3
   d - Fulminant Prism                Conjuration/Hexes            4
   e - Force Lance                    Conjuration/Translocation    4
   f - Iskenderun's Mystic Blast      Conjuration                  4
 t - a book of Frost

   Spells                             Type                      Level
   a - Freeze                         Ice                          1
   b - Throw Frost                    Conjuration/Ice              2
   c - Ozocubu's Armour               Charms/Ice                   3
   d - Throw Icicle                   Conjuration/Ice              4
   e - Summon Ice Beast               Ice/Summoning                4
 R - a book of Maledictions

   Spells                             Type                      Level
   a - Corona                         Hexes                        1
   b - Ensorcelled Hibernation        Hexes/Ice                    2
   c - Confuse                        Hexes                        3
   d - Tukima's Dance                 Hexes                        3
   e - Dazzling Spray                 Conjuration/Hexes            3
Comestibles
 c - 19 rations


   Skills:
 - Level 2.4 Dodging
 - Level 2.4 Stealth
 * Level 16.5 Spellcasting
 * Level 12.8 Conjurations
 + Level 3.8 Fire Magic


You had 7 spell levels left.
You knew the following spells:

 Your Spells              Type           Power        Failure   Level  Hunger
a - Magic Dart            Conj           ####         0%          1    None
b - Searing Ray           Conj           ######       0%          2    None
c - Dazzling Spray        Conj/Hex       ######       1%          3    None
d - Iskenderun's Mystic   Conj           #######.     1%          4    None
e - Force Lance           Conj/Tloc      ######..     1%          4    None
f - Throw Frost           Conj/Ice       ######       1%          2    None
g - Throw Icicle          Conj/Ice       ######..     1%          4    None
h - Fulminant Prism       Conj/Hex       ######....   1%          4    None
i - Summon Ice Beast      Ice/Summ       ###.....     22%         4    None
j - Throw Flame           Conj/Fire      ######       1%          2    None
k - Confuse               Hex            ###.....     7%          3    None
l - Ignite Poison         Fire/Tmut/Pois ####....     1%          3    None


Dungeon Overview and Level Annotations

Branches:
Dungeon (11/15)            Temple (1/1) D:7            Lair (0/6) D:9
    Orc (0/2) D:10

Altars:
Ashenzari
Cheibriados
Dithmenos
Elyvilon
Fedhas
Hepliaklqana
Kikubaaqudgha
Makhleb
Nemelex Xobeh
Okawaru
Qazlal
Ru
Sif Muna
Trog
Uskayaw
Vehumet
Wu Jian
Xom
Yredelemnul
Zin
The Shining One

Shops:
D:8 }


Message History

Aiming: Confuse
Press: ? - help, Shift-Dir - straight line, f - cyclops
Aim: a cyclops (chance to defeat MR: 34%)
The cyclops easily resists.
The cyclops throws a large rock.
The large rock hits you!!
The cyclops throws a large rock.
The large rock closely misses you.
You see here 2 large rocks.
An ugly thing and a crimson imp come into view.
Found a scroll labeled WYSSUEBLIUS and a scroll of teleportation.
There is an open door here.
Casting: Confuse
Confirm with . or Enter, or press ? or * to list all spells.
Aiming: Iskenderun's Mystic Blast
Press: ? - help, Shift-Dir - straight line, f/p - cyclops
Aim: a cyclops The orb of energy hits the cyclops.
The cyclops is heavily wounded.
The orb of energy explodes!
The cyclops hits you!!
Ouch! That really hurt!
You die...

#........+
#.....?..#
#........#
#......u.#
#.....?..#
#........#
#.C....5.# #@######
#.((.(.# #######'##
#........#
#...<....# ##+###
#........# #.....
#........#####.....
#........'..##...>.
#........##.##.....


You could see a red ugly thing, a cyclops and a crimson imp.

Vanquished Creatures
  A two-headed ogre (D:10)
  An unseen horror (D:10)
  Pikel (D:6)
  Maurice (D:8)
  2 rust devils (D:9)
  Joseph (D:9)
  2 trolls
  The ghost of Goblin1989 the Shield-Bearer, an amateur GnFi of Hepliaklqana (D:4)
  A hornet (D:10)
  11 yaks
  A spriggan (D:9)
  2 wyverns (D:9)
  Grum (D:9)
  A hungry ghost (D:8)
  An acid dragon (D:9)
  9 ice beasts
  A black bear (D:9)
  4 orc warriors
  An ogre (D:4)
  A sky beast (D:9)
  A phantom (D:7)
  A necrophage (D:9)
  2 slaves (D:6)
  2 wolves (D:9)
  3 centaurs
  A big kobold (D:9)
  4 bullfrogs
  A wyvern zombie (D:10)
  An elf skeleton (D:6)
  A howler monkey (D:9)
  2 crimson imps (D:8)
  2 jellies
  A bullfrog zombie (D:10)
  2 centaur skeletons
  3 hounds
  A human zombie (D:6)
  5 orc priests
  3 bullfrog skeletons
  An iguana (D:9)
  9 orc wizards
  A human skeleton (D:6)
  6 worker ants
  A hound zombie (D:10)
  3 mummies (Ossuary)
  3 worker ant zombies
  11 gnolls
  A howler monkey skeleton (D:6)
  12 adders
  3 adder skeletons
  An adder zombie (D:6)
  A worm (D:4)
  3 dart slugs
  7 leopard geckos
  44 orcs
  3 ball pythons
  3 bats
  5 giant cockroaches
  4 gnoll zombies (Ossuary)
  7 goblins
  5 hobgoblins
  4 jackals
  9 quokkas
  5 frilled lizards
  2 gnoll skeletons (Ossuary)
  3 goblin zombies (Ossuary)
  3 hobgoblin skeletons (Ossuary)
  4 hobgoblin zombies (Ossuary)
  A jackal skeleton (D:5)
  10 kobolds
  3 kobold skeletons (Ossuary)
  2 kobold zombies (Ossuary)
  A leopard gecko zombie (D:7)
  3 orc skeletons
  An orc zombie (D:6)
  2 quokka skeletons (D:5)
  5 rats
  2 rat skeletons (Ossuary)
  A rat zombie (Ossuary)
275 creatures vanquished.

Vanquished Creatures (others)
  Psyche (D:9)
  Menkaure (Ossuary)
  3 gnoll skeletons (Ossuary)
  2 goblin skeletons (Ossuary)
  2 goblin zombies (Ossuary)
  A hobgoblin skeleton (Ossuary)
  A hobgoblin zombie (Ossuary)
  4 kobold skeletons (Ossuary)
  2 kobold zombies (Ossuary)
  2 orc skeletons (Ossuary)
  4 orc zombies (Ossuary)
  2 rat skeletons (Ossuary)
  2 rat zombies (Ossuary)
  6 fulminant prisms
33 creatures vanquished.

Grand Total: 308 creatures vanquished

Notes
Turn   | Place    | Note
-------+----------+-------------------------------------------
     0 | D:1      | joklet the Deep Elf Conjurer began the quest for the Orb.
     0 | D:1      | Reached XP level 1. HP: 10/10 MP: 6/6
    51 | D:1      | Reached skill level 4 in Spellcasting
    51 | D:1      | Reached XP level 2. HP: 15/15 MP: 0/9
   184 | D:1      | Learned a level 2 spell: Searing Ray
   649 | D:2      | Reached XP level 3. HP: 12/19 MP: 2/11
   654 | D:2      | Learned a level 3 spell: Dazzling Spray
   767 | D:2      | Reached skill level 5 in Spellcasting
  1279 | D:2      | Reached XP level 4. HP: 22/24 MP: 8/13
  1682 | D:3      | Found a snail-covered altar of Cheibriados.
  1749 | D:3      | Reached skill level 6 in Spellcasting
  2007 | D:3      | Found an opulent altar of Gozag.
  2009 | D:3      | Found a radiant altar of Vehumet.
  2009 | D:3      | Found a radiant altar of Vehumet.
  2011 | D:3      | Found a shattered altar of Ashenzari.
  2011 | D:3      | Found a stormy altar of Qazlal.
  2011 | D:3      | Found a shimmering altar of Xom.
  2314 | D:3      | Found a bloodstained altar of Trog.
  2564 | D:4      | Learned a level 4 spell: Iskenderun's Mystic Blast
  2569 | D:4      | Learned a level 4 spell: Force Lance
  2579 | D:4      | Found a sparkling altar of Nemelex Xobeh.
  2580 | D:4      | Found a shadowy altar of Dithmenos.
  2582 | D:4      | Found an ornate altar of the Wu Jian Council.
  2601 | D:4      | Reached skill level 5 in Conjurations
  2604 | D:4      | Reached XP level 5. HP: 27/28 MP: 4/16
  2804 | D:4      | Reached skill level 7 in Spellcasting
  2866 | D:4      | Reached XP level 6. HP: 10/32 MP: 3/18
  3359 | D:4      | You fall through a shaft for 3 floors!
  3386 | D:7      | Noticed an ice beast
  3408 | D:7      | Reached skill level 8 in Spellcasting
  3563 | D:6      | Learned a level 2 spell: Throw Frost
  3568 | D:6      | Learned a level 4 spell: Throw Icicle
  3614 | D:6      | Found a sand-covered staircase.
  3716 | D:6      | Reached XP level 7. HP: 25/36 MP: 0/21
  3838 | Ossuary  | Entered an ossuary
  3841 | Ossuary  | Reached skill level 9 in Spellcasting
  4082 | Ossuary  | Killed Menkaure
  4550 | D:6      | Noticed a wyvern
  4614 | D:6      | Learned a level 2 spell: Throw Frost
  4692 | D:5      | Entered Level 5 of the Dungeon
  5003 | D:5      | Reached skill level 10 in Spellcasting
  5826 | D:4      | Reached XP level 8. HP: 41/41 MP: 24/24
  5876 | D:4      | Noticed Goblin1989's ghost (amateur GnFi)
  5888 | D:4      | Killed Goblin1989's ghost
  5888 | D:4      | Reached skill level 11 in Spellcasting
  5947 | D:4      | Found a snail-covered altar of Cheibriados.
  5947 | D:4      | Found an iron altar of Okawaru.
  5947 | D:4      | Found a white marble altar of Elyvilon.
  6130 | D:6      | Learned a level 4 spell: Fulminant Prism
  6149 | D:6      | Learned a level 4 spell: Summon Ice Beast
  6227 | D:6      | Noticed Pikel
  6524 | D:6      | Killed Pikel
  6524 | D:6      | Reached skill level 12 in Spellcasting
  6583 | D:6      | Found a hazy altar of Hepliaklqana.
  6739 | D:7      | Found a staircase to the Ecumenical Temple.
  6750 | D:7      | Reached XP level 9. HP: 40/45 MP: 18/27
  6755 | Temple   | Entered the Ecumenical Temple
  6782 | Temple   | Became a worshipper of Vehumet
  7025 | D:7      | Noticed a dagger
  7025 | D:7      | Noticed a dagger
  7026 | D:7      | Found a hide-covered altar of Uskayaw.
  7656 | D:8      | Noticed Maurice
  7664 | D:8      | Paralysed by something for 3 turns
  7674 | D:8      | Killed Maurice
  7674 | D:8      | Reached skill level 13 in Spellcasting
  7795 | D:8      | Found a glowing golden altar of the Shining One.
  7882 | D:8      | Found Cibly's Gadget Boutique.
  8265 | D:8      | Found a glowing silver altar of Zin.
  8432 | D:9      | Noticed Psyche
  8435 | D:9      | Killed Psyche
  8435 | D:9      | Reached skill level 10 in Conjurations
  8467 | D:9      | Noticed a troll
  8473 | D:9      | Killed a troll
  8473 | D:9      | Reached skill level 14 in Spellcasting
  8777 | D:9      | Reached * piety under Vehumet
  8777 | D:9      | Offered knowledge of Sting by Vehumet.
  8780 | D:9      | Reached XP level 10. HP: 50/50 MP: 11/30
  9302 | D:8      | Noticed a rust devil
  9303 | D:8      | Noticed a rust devil
  9311 | D:9      | Killed a rust devil
  9311 | D:9      | Reached skill level 15 in Spellcasting
  9409 | D:9      | Killed a rust devil
  9593 | D:9      | Offered knowledge of Throw Flame by Vehumet.
  9597 | D:9      | Learned a level 2 spell: Throw Flame
  9633 | D:9      | Reached ** piety under Vehumet
  9654 | D:9      | Noticed Joseph
  9662 | D:9      | Killed Joseph
  9662 | D:9      | Reached skill level 1 in Fire Magic
  9761 | D:9      | Found a staircase to the Lair.
  9793 | D:9      | Noticed Grum
  9810 | D:9      | Killed Grum
 10326 | D:10     | Entered Level 10 of the Dungeon
 10753 | D:10     | Learned a level 3 spell: Confuse
 10824 | D:10     | Reached XP level 11. HP: 52/54 MP: 3/32
 11019 | D:10     | Found a staircase to the Orcish Mines.
 11026 | D:10     | Reached skill level 16 in Spellcasting
 11032 | D:10     | Killed an unseen horror
 11199 | D:10     | Offered knowledge of Ignite Poison by Vehumet.
 11208 | D:10     | Learned a level 3 spell: Ignite Poison
 11308 | D:10     | Reached *** piety under Vehumet
 11609 | D:10     | Noticed a two-headed ogre
 11615 | D:10     | Killed a two-headed ogre
 11842 | D:11     | Noticed a red ugly thing
 11843 | D:11     | Slain by a cyclops

Skill      XL: |  1  2  3  4  5  6  7  8  9 10 11 |
---------------+----------------------------------+-----
Spellcasting   | 4 5 6 7 8 10 12 14 15 16 | 16.5
Conjurations   | 5 6 7 8 10 12 | 12.8
Fire Magic     | 2 3 |  3.8
Dodging        | |  2.4
Stealth        | |  2.4

Action                   |  1- 3 |  4- 6 |  7- 9 | 10-12 || total
-------------------------+-------+-------+-------+-------++-------
Melee: Dagger            |     7 |       |       |       ||     7
       Long sword        |       |     3 |     4 |       ||     7
       Whip              |       |       |     3 |    39 ||    42
 Cast: Magic Dart        |    82 |    76 |   171 |    47 ||   376
       Searing Ray       |       |    18 |    23 |     8 ||    49
       Iskenderun's Myst |       |       |    60 |    87 ||   147
       Dazzling Spray    |       |       |     2 |       ||     2
       Force Lance       |       |       |     9 |    24 ||    33
       Throw Frost       |       |       |     1 |     1 ||     2
       Throw Icicle      |       |       |     5 |     4 ||     9
       Fulminant Prism   |       |       |     3 |     3 ||     6
       Throw Flame       |       |       |       |     8 ||     8
       Confuse           |       |       |       |     1 ||     1
Evoke: Wand              |       |       |       |     3 ||     3
  Use: Scroll            |     2 |     1 |     7 |       ||    10
       Potion            |       |       |    11 |     3 ||    14
 Stab: Invisible         |       |       |     1 |       ||     1
  Eat: Chunk             |       |     7 |    10 |     9 ||    26
       Ration            |       |     1 |     1 |       ||     2
Armor: Robe              |     3 |     9 |    13 |    22 ||    47
Dodge: Dodged            |    13 |    18 |    35 |    59 ||   125
       Rpst.: Long sword |       |     4 |     7 |       ||    11
